AoeStats
← Antioch

Arabian Desert

510650864Analyzed
1v1 RM · 1d ago on Oct 2, 2026· 19m 49s· 2 players
Game mode
Random Map
Map size
Tiny (2 player)
Population
200
Speed
Normal
Resources
Standard
Victory
Conquest
Starting age
Dark Age
Ending age
Imperial Age
RankedLock teamsTeams togetherTeam positionsShared explorationLock speedFull tech treeHidden civsTurbo modeCheats
Victory
Defeat
🇨🇦 Danes · Canada
963
+15
🇺🇸 Huns · United States
949
-44
Antioch
1:46 Loom
bischlar
4:01 Loom
10:50 Feudal Age
11:31 Double-Bit Axe
12:37 Scale Mail Armor
14:15 Man-at-Arms
15:56 Fletching
15:57 Horse Collar
17:07 Arson
Connection lost

Rejoining the realm…

Still unreachable

The connection could not be restored.

Session expired

The server has moved on; the page needs a fresh start.